cohdb
Replays
Latest Replays
All Replays
Popular Replays
Top Player Replays
Match Explorer
How It Works
Community
CoH3 Stats
Reddit
Sign in to upload your games and track your stats! →
Sign in with Steam
Match 46728724
Unlisted
Match 46728724
Overview
Messages
Build Orders
End
Construct Infanterie Kompanie
Grenadier Squad
Grenadier Squad
Sniper
Infanterie Officer Quarters
Grenadier Squad
Selects Breakthrough Battlegroup
Selects Assault Grenadiers
Selects Rapid Production
Construct Luftwaffe Kompanie
Jäger Squad
Support Elements
StaRadian((
iShootMedics
Chunow
Einherjer
Bubbciss
Enoche
0
0
Comments
sign in to comment!
No comments posted yet!